Map: Persephone LE

Players

ShoWTimE

  • Race: Protoss Protoss
  • League: Grandmaster
  • Spawn Location: 7:00

STZsOs (sOs) - Winner!

  • Race: Protoss Protoss
  • League: Master
  • Spawn Location: 11:00

Event: HomeStory Cup XXVII

VOD

Have the link to the VOD?

Description

Time

  • Played on: June 29, 2025, 9:27 a.m.
  • Length: 8:50

All games in this series

Show
View Real Time Build Order
Export as new Build Order

ShoWTimE Protoss 

Build Orders:  

Get SALT Encoding   

  12  0:00  Probe  
  13  0:12  Probe  
  14  0:16  Pylon  
  14  0:23  Probe  
  15  0:31  Probe  
  15  0:35  Gateway  
  15  0:39  Probe  
  16  0:45  Assimilator  
  17  0:50  Probe  
  17  0:53  Assimilator  
  18  0:59  Probe  
  19  1:06  Gateway  
  19  1:07  Probe  
  19  1:17  Probe  
  20  1:23  Cybernetics Core  
  21  1:29  Probe  
  22  1:33  Pylon  
  22  1:41  Probe  
  23  1:59  Robotics Facility  
  23  2:00  Adept x2  
  27  2:04  Warp Gate  
  27  2:12  Pylon  
  26  2:27  Stalker x2  
  26  2:35  Immortal  
  30  2:50  Shield Battery  
  34  3:00  Gateway  
  34  3:05  Warp Prism  
  36  3:22  Pylon  
  34  3:41  Immortal  
  38  3:52  Stalker x2  
  38  3:54  Adept  
  44  4:16  Pylon  
  44  4:19  Sentry  
  46  4:26  Immortal  
  50  4:39  Sentry, Adept  
  52  4:55  Pylon  
  52  5:01  Robotics Bay, Warp Prism  
  54  5:17  Adept x2  
  58  5:24  Pylon  
  58  5:31  Adept  
  60  5:47  Disruptor  
  62  6:12  Adept x3  
  62  6:14  Pylon  
  68  6:22  Disruptor  
  72  6:34  Adept x3  
  71  6:55  Adept x3  
  66  7:07  Probe  
  52  7:23  Stalker  
  40  7:50  Sentry x2  
  44  7:51  Adept  
  38  8:21  Stalker x3  
Show
View Real Time Build Order
Export as new Build Order

STZsOs Protoss - Winner!

Build Orders: 1 Gate Expand 

Get SALT Encoding   

  12  0:00  Probe  
  13  0:12  Probe  
  14  0:17  Pylon  
  14  0:24  Probe  
  15  0:33  Probe  
  15  0:35  Gateway  
  15  0:41  Probe  
  16  0:47  Assimilator  
  17  0:51  Probe  
  18  1:03  Probe  
  19  1:15  Probe  
  20  1:22  Cybernetics Core  
  20  1:33  Nexus  
  20  1:39  Pylon  
  20  1:42  Probe  
  21  1:48  Assimilator, Adept  
  21  1:50  Warp Gate  
  21  1:54  Probe  
  24  2:06  Probe  
  25  2:18  Sentry  
  25  2:19  Probe  
  28  2:26  Shield Battery  
  28  2:31  Probe  
  29  2:38  Gateway  
  29  2:40  Gateway  
  29  2:43  Sentry  
  31  2:47  Probe  
  31  2:50  Probe  
  33  2:58  Shield Battery  
  33  3:11  Probe x2  
  32  3:23  Probe x2  
  33  3:29  Pylon  
  33  3:35  Probe x2  
  33  3:38  Sentry, Stalker  
  33  3:39  Shield Battery  
  38  3:42  Stalker  
  40  4:01  Sentry  
  42  4:08  Stalker x2  
  46  4:18  Shield Battery  
  46  4:21  Shield Battery  
  46  4:25  Stalker  
  46  4:31  Stalker x2  
  49  4:39  Probe  
  50  4:52  Robotics Facility  
  50  4:55  Shield Battery, Stalker  
  50  4:58  Stalker  
  50  4:59  Shield Battery  
  54  5:07  Pylon  
  54  5:27  Pylon  
  54  5:29  Sentry, Adept x2  
  54  5:34  Warp Prism  
  60  5:36  Probe x2  
  64  5:55  Stargate  
  64  6:07  Immortal  
  66  6:18  Zealot x2  
  66  6:25  Assimilator  
  70  6:31  Pylon  
  70  6:32  Pylon  
  70  6:46  Immortal  
  66  6:50  Phoenix  
  67  6:56  Zealot x2  
  67  6:57  Zealot  
  67  6:58  Shield Battery  
  58  7:19  Adept x3  
  58  7:22  Immortal  
  46  7:36  Phoenix  
  42  7:49  Adept  
  42  7:50  Adept  
  46  8:08  Adept  
  44  8:20  Adept x2  
  47  8:30  Probe x2  
Tags
 
Add a new tag
Caveats
  • Supply blocks, unpowered buildings, or Contaminate may cause inaccurate times.
  • Supply counts are checked every 10 seconds.